 Dungeon Crawl Stone Soup version 0.23-a0-307-gc3b755d (webtiles) character file.

112270 namelastname112 the Sharpshooter (level 16, 0/147 HPs)
             Began as a Green Draconian Wanderer on Oct 10, 2018.
             Was a Plaything of Xom.
             Slain by a ghost moth (15 damage)
             ... on level 6 of the Lair of Beasts.
             The game lasted 00:58:14 (30532 turns).

namelastname112 the Sharpshooter (DrWn)            Turns: 30532, Time: 00:58:15

Health: 0/147      AC: 14    Str: 16 (19) XL:     16   Next: 11%
Magic:  1/5        EV: 26    Int: 10 (13) God:    Xom [...*..]
Gold:   3183       SH:  0    Dex: 16 (17) Spells: 15/15 levels left

rFire    + + .     SeeInvis .   a - +2 battleaxe (antimagic)
rCold    . . .     Gourm    .   (shield currently unavailable)
rNeg     . . .     Faith    +   (armour unavailable)
rPois    +         Spirit   .   (helmet restricted)
rElec    .         Reflect  .   W - +1 cloak {MR+}
rCorr    .         Harm     .   (no gloves)
MR       +++..                  T - +2 pair of boots
Stlth    +.........             S - amulet of faith
HPRegen  0.34/turn              w - ring "Ciame" {EV+5 Dex+2}
MPRegen  0.09/turn              Z - ring of protection from fire

@: short of breath, flying, very slightly contaminated, invisible (expiring)
A: breathe noxious fumes, unfitting armour, big wings, horns 1, stinger 1,
talons 1, clever 1, clumsy 1, fire resistance 1, magic resistance 1, poison
resistance, strong 1, wild magic 1, evolution 2, no potion heal 1, cold-blooded,
MP-powered wands, AC +9
a: Breathe Noxious Fumes, Stop Flying, Renounce Religion


You were on level 6 of the Lair of Beasts.
You worshipped Xom.
You were a favourite toy of Xom.
You were hungry.

You visited 2 branches of the dungeon, and saw 21 of its levels.
You also visited: Ossuary and Ice Cave.

You collected 3726 gold pieces.
You spent 543 gold pieces at shops.

Inventory:

Hand Weapons
 a - a +2 antimagic battleaxe (weapon)
 b - a +0 arbalest
 L - a +0 triple crossbow
Missiles
 h - 68 bolts
 F - 3 throwing nets (quivered)
Armour
 t - the +3 hat of Pondering {ponderous, MR+ MP+10 Int+5}
   (You took it off Gastronok on level 3 of the Lair of Beasts)

   It affects your intelligence (+5).
   It affects your resistance to hostile enchantments.
   It affects your magic capacity (+10).
 x - a scarf of cloud immunity
 T - a +2 pair of boots (worn)
 W - a +1 cloak of magic resistance (worn)
Jewellery
 v - an uncursed ring of ice
 w - the ring "Ciame" (left hand) {EV+5 Dex+2}
   (You found it in an ossuary)

   [ring of evasion]

   It affects your evasion (+5).
   It affects your dexterity (+2).
 y - an uncursed ring of protection from magic
 E - an uncursed amulet of the acrobat
 O - an uncursed ring of resist corrosion
 S - an amulet of faith (around neck)
 Z - a ring of protection from fire (right hand)
Wands
 o - a wand of scattershot (8)
 B - a wand of random effects (23)
 G - a wand of iceblast (23)
 H - a wand of acid (28)
 Q - a wand of paralysis (23)
 U - a wand of enslavement (21)
 V - a wand of digging (21)
Scrolls
 d - 7 scrolls of teleportation
 e - a scroll of fear
 i - 10 scrolls of identify
 j - 10 scrolls of remove curse
 k - 9 scrolls of amnesia
 m - 2 scrolls of blinking
 s - 6 scrolls of enchant weapon
 u - 6 scrolls of immolation
 I - a scroll of brand weapon
 J - a scroll of magic mapping
Potions
 c - 3 potions of magic
 g - 3 potions of resistance
 l - 3 potions of mutation
 p - 5 potions of flight
 q - 2 potions of agility
 r - 4 potions of haste
 z - 2 potions of cancellation
 A - 4 potions of brilliance
 C - 7 potions of might
 D - 10 potions of curing
 K - 4 potions of lignification
 N - a potion of invisibility
 P - a potion of ambrosia
 R - a potion of berserk rage
 X - a potion of heal wounds
Miscellaneous
 M - a lightning rod (4/4)
Comestibles
 f - 11 rations


   Skills:
 + Level 14.6 Fighting
 + Level 12.5 Axes
 * Level 15.5 Crossbows
 + Level 11.4 Dodging
   Level 1.0 Shields
 - Level 1.0 Evocations


You had 15 spell levels left.
You didn't know any spells.
Your spell library contained the following spells:

 Spells                   Type           Power        Failure   Level  Hunger
 Flame Tongue             Conj/Fire      #....        45%         1    ##.....
 Infusion                 Chrm           #...         45%         1    ##.....
 Magic Dart               Conj           #...         45%         1    ##.....
 Blink                    Tloc           N/A          58%         2    ###....
 Call Imp                 Summ           #.......     58%         2    ###....
 Corpse Rot               Necr           N/A          58%         2    ###....
 Shroud of Golubria       Chrm/Tloc      #.........   58%         2    ###....
 Slow                     Hex            #.......     58%         2    ###....
 Song of Slaying          Chrm           #.......     58%         2    ###....
 Throw Flame              Conj/Fire      #.....       58%         2    ###....
 Conjure Flame            Conj/Fire      #.......     82%         3    ####...
 Inner Flame              Hex/Fire       #.......     82%         3    ####...
 Mephitic Cloud           Conj/Pois/Air  #.......     82%         3    ####...
 Regeneration             Chrm/Necr      #.........   82%         3    ####...
 Spectral Weapon          Hex/Chrm       #.......     82%         3    ####...
 Cause Fear               Hex            #.........   99%         4    #####..
 Leda's Liquefaction      Hex/Erth       #.........   99%         4    #####..
 Sticky Flame             Conj/Fire      #.......     99%         4    #####..
 Bolt of Magma            Conj/Fire/Erth #.........   100%        5    ######.
 Borgnjor's Vile Clutch   Necr/Erth      #.........   100%        5    ######.
 Fireball                 Conj/Fire      #.........   100%        5    ######.
 Irradiate                Conj/Tmut      #.........   100%        5    ######.
 Iskenderun's Battlesphe  Conj/Chrm      #.......     100%        5    ######.
 Silence                  Hex/Air        #.........   100%        5    ######.
 Venom Bolt               Conj/Pois      #.........   100%        5    ######.
 Yara's Violent Unravell  Hex/Tmut       #.........   100%        5    ######.
 Death Channel            Necr           #.........   100%        6    #######
 Deflect Missiles         Chrm/Air       #.........   100%        6    #######
 Hydra Form               Tmut           #.........   100%        6    #######
 Iron Shot                Conj/Erth      #.........   100%        6    #######
 Simulacrum               Ice/Necr       #.........   100%        6    #######
 Statue Form              Tmut/Erth      #........    100%        6    #######
 Dragon Form              Tmut           #.........   100%        7    #######
 Orb of Destruction       Conj           #.........   100%        7    #######
 Spellforged Servitor     Conj/Summ      #.........   100%        7    #######
 Discord                  Hex            #.........   100%        8    #######
 Shatter                  Erth           #.........   100%        9    #######


Dungeon Overview and Level Annotations

Branches:
Dungeon (15/15)            Temple (0/1) D:4            Lair (6/6) D:8
 Shoals (0/4) Lair:3        Snake (0/4) Lair:3        Slime (0/5) Lair:6
    Orc (0/2) D:12         Vaults (0/5) D:13         Depths (0/5) D:15

Altars:
Cheibriados
Elyvilon
Nemelex Xobeh
Qazlal
Sif Muna
Wu Jian
Xom
Zin
Jiyva

Shops:
D:15 [[((

Portals:
Trove: D:15 (give 8 potions of agility)

Annotations:
D:5 2 transporters
D:6 Amnesiac's ghost, novice TrEE


Innate Abilities, Weirdness & Mutations

You can breathe blasts of noxious fumes.
Your lurid green scales are hard. (AC +9)
You cannot fit into any form of body armour.
Your tail ends in a poisonous barb.
Your system is resistant to poisons. (rPois)
You are cold-blooded and may be slowed by cold attacks.
Your large and strong wings let you fly indefinitely.
You have a pair of small horns on your head.
You have sharp toenails.
Your mind is acute. (Int +2)
You are clumsy. (Dex -2)
Your flesh is heat resistant. (rF+)
You are resistant to hostile enchantments. (MR+)
Your muscles are strong. (Str +2)
Your spells are a little harder to cast, but a little more powerful.
You rapidly evolve.
Potions are less effective at restoring your health.
You expend magic power (3 MP) to strengthen your wands.


Message History

Something barely misses you. Something hits you.
* * * LOW HITPOINT WARNING * * *
Something stings you.
* * * LOW HITPOINT WARNING * * *
Something hits you.
* * * LOW HITPOINT WARNING * * *
You feel dopey. Something barely misses you. Something misses you.
You take 6 damage, and have 18/147 hp.
You hit something. Something closely misses you. Something hits you.
* * * LOW HITPOINT WARNING * * *
Something stings you but does no damage.
You take 3 damage, and have 15/147 hp.
You hit something.
Your tail-slap misses something.
Something misses you. Something hits you but does no damage.
Something barely misses you.
You slice something!! You headbutt something.
You flicker for a moment.
Something hits you!
You die... "Huh?
Did I miss anything?"

................####P.......(((..
..._>..........## #P..(.≈≈...(...
......#.#.....## ##...≈≈≈≈..Y.§.
...#..###......## #..(≈≈≈≈≈≈(....
..#######.......# ##..≈≈≈≈≈(.....
### ##.......## ##((≈≈≈≈....## ##
#.......## ##(≈≈≈≈≈.....# .#
####....#### #.(.≈≈≈≈≈≈..##
####### #....###@# #...≈≈≈≈≈≈≈.##
#.....###.......{###....≈≈≈≈..k..
.......#.#...#.....5.....≈≈≈.....
................§...|†...........
................§.......v........
.................................
†.......##.......................
#P##.###.#...P##.....(P..........
###### ##..†.#####..#..#..##P...#


There were no monsters in sight!

Vanquished Creatures
  Gastronok (Lair:3)
  Frances (D:13)
  A dire elephant (Lair:6)
  Josephine (D:13)
  A fire dragon (D:15)
  Harold (D:7)
  An ice dragon (D:15)
  A vault guard (D:13)
  8 hydras
  3 death yaks (Lair:6)
  3 centaur warriors
  A two-headed ogre (D:9)
  A tengu warrior (D:14)
  Urug (Lair:4)
  3 skeletal warriors (D:12)
  A wizard (Lair:6)
  3 unseen horrors
  A flayed ghost (D:13)
  A lindwurm (Lair:6)
  Pikel (D:9)
  3 wolf spider zombies
  2 wolf spiders
  3 deep elf magi
  An orc knight (D:15)
  5 ugly things
  4 cyclopes
  10 elephants (Lair:6)
  Maurice (D:11)
  An ice statue (Lair:5)
  A water nymph (shapeshifter) (Lair:6)
  9 black mambas
  A torpor snail (Lair:6)
  4 gargoyles
  The ghost of vierth the Covert, a novice SpEn of Dithmenos (D:7)
  3 centaur skeletons
  11 spiny frogs
  2 efreet (D:14)
  A komodo dragon (Lair:5)
  2 kobold demonologists
  4 rime drakes
  A freezing wraith (Lair:5)
  A tengu conjurer (D:14)
  3 polar bears (Lair:5)
  4 trolls
  A dream sheep (Lair:6)
  6 blink frogs (Lair:6)
  7 hippogriffs
  A meliai zombie (D:10)
  6 wraiths
  3 vampires (D:14)
  6 redbacks (D:13)
  3 wyverns
  A shadow (D:14)
  3 basilisks
  41 yaks
  A redback simulacrum (D:14)
  Grum (D:8)
  3 hungry ghosts
  A steam dragon (D:9)
  10 vampire mosquitoes
  A soldier ant (D:15)
  An acid dragon (D:15)
  22 water moccasins
  7 porcupines
  3 orc warriors
  2 sky beasts
  A hornet zombie (Ossuary)
  An eye of draining (D:12)
  4 slaves (D:9)
  15 ice beasts
  8 ogres
  A necrophage (D:9)
  9 wolves
  8 centaurs
  15 crocodiles
  Blork the orc (D:15)
  3 big kobolds
  16 bullfrogs
  A gnoll sergeant (D:8)
  2 scorpions
  3 killer bees (D:8)
  A wight (D:12)
  An electric eel (Lair:6)
  7 howler monkeys
  7 crimson imps
  5 bullfrog zombies
  6 centaur zombies
  2 orc priests
  3 jellies
  3 bullfrog skeletons
  2 hounds
  Terence (D:2)
  3 iguanas
  7 orc wizards
  7 worker ants
  A killer bee zombie (Ossuary)
  2 hound zombies
  A hound skeleton (D:8)
  15 mummies (Ossuary)
  A howler monkey zombie (Ossuary)
  3 worker ant zombies (Ossuary)
  6 gnolls
  14 adders
  5 shadow imps
  2 white imps
  7 adder zombies
  An adder skeleton (D:7)
  3 worms
  2 dart slugs
  5 leopard geckos
  42 orcs
  2 ball pythons
  6 giant cockroaches
  8 goblins
  8 hobgoblins
  13 jackals
  6 quokkas
  6 bats
  2 frilled lizards
  A giant cockroach zombie (Ossuary)
  19 kobolds
  A quokka skeleton (D:4)
  A quokka zombie (Ossuary)
  3 rats
  3 fungi
575 creatures vanquished.

Vanquished Creatures (collateral kills)
  Rupert (D:12)
  4 skeletal warriors (D:12)
  A deep elf mage (D:15)
  A redback (D:13)
  2 yaks
  An ice beast (Lair:5)
  A centaur (D:11)
  A wyvern zombie (D:8)
  A scorpion (D:12)
  3 wights (D:12)
  A bullfrog zombie (Ossuary)
  An orc wizard (D:8)
  2 orcs (D:8)
20 creatures vanquished.

Vanquished Creatures (others)
  A centaur warrior (D:13)
  A dancing weapon (D:12)
  A redback (D:13)
  A vampire mosquito (D:11)
  4 killer bees (D:9)
  2 bushes (Lair:6)
  19 fungi
  6 plants
  A withered plant (Ossuary)
36 creatures vanquished.

Grand Total: 631 creatures vanquished

Notes
Turn   | Place    | Note
-------+----------+-------------------------------------------
     0 | D:1      | namelastname112 the Draconian Wanderer began the quest for
                  | the Orb.
     0 | D:1      | namelastname112 set off with: a +2 hand axe, a +0 hand
                  | crossbow, 19 bolts, a scroll of teleportation, a ration
     0 | D:1      | Reached XP level 1. HP: 25/25 MP: 1/1
   119 | D:1      | Reached XP level 2. HP: 25/31 MP: 2/2
   621 | D:1      | Reached skill level 1 in Dodging
  1165 | D:2      | Reached skill level 1 in Crossbows
  1165 | D:2      | Reached XP level 3. HP: 35/38 MP: 3/3
  1197 | D:2      | Noticed Terence
  1231 | D:2      | Killed Terence
  1236 | D:2      | Reached XP level 4. HP: 10/45 MP: 4/4
  1568 | D:2      | Reached skill level 2 in Crossbows
  1605 | D:2      | Found a glowing silver altar of Zin.
  1619 | D:2      | Found a snail-covered altar of Cheibriados.
  1708 | D:2      | Found a shimmering altar of Xom.
  1831 | D:2      | Became a worshipper of Xom of Chaos
  1878 | D:2      | XOM: harmless Air miscast
  2036 | D:3      | Reached XP level 5. HP: 48/52 MP: 5/5
  2042 | D:3      | XOM: divination: detect creatures
  2214 | D:3      | Found a white marble altar of Elyvilon.
  2250 | D:3      | XOM: 1-stop teleportation journey
  2285 | D:3      | XOM: medium Ice miscast
  2506 | D:3      | XOM: severe Ice miscast
  2566 | D:3      | XOM is BORED!
  2806 | D:4      | Found a sand-covered staircase.
  2815 | Ossuary  | Entered an ossuary
  2830 | Ossuary  | XOM: butterfly on damage
  2848 | Ossuary  | Reached skill level 3 in Crossbows
  2886 | Ossuary  | XOM: divination: detect creatures
  3063 | Ossuary  | HP: 2/52 [mummy (16)]
  3088 | Ossuary  | Reached XP level 6. HP: 37/60 MP: 6/6
  3185 | Ossuary  | XOM: summons friendly white imp
  3206 | Ossuary  | XOM: summons 1 friendly demon
  3211 | Ossuary  | XOM: destruction
  3228 | Ossuary  | XOM: summons 2 friendly demons
  3242 | Ossuary  | XOM: noise
  3249 | Ossuary  | Your scales start taking on a lurid green colour.
  3249 | Ossuary  | Reached XP level 7. HP: 11/66 MP: 7/7
  3249 | Ossuary  | Gained mutation: Your system is resistant to poisons.
                  | (rPois) [Green Draconian growth]
  3261 | Ossuary  | HP: 2/66 [mummy (12)]
  3266 | Ossuary  | Reached skill level 4 in Crossbows
  3274 | Ossuary  | XOM: divination: magic mapping
  3330 | Ossuary  | XOM: god gift: 50 gold pieces
  3456 | Ossuary  | XOM: harmless Tloc miscast
  3668 | Ossuary  | XOM: cast spell 'Death Channel'
  3676 | Ossuary  | XOM: blink monster(s)
  3964 | Ossuary  | Got a faintly glowing iron ring
  3974 | Ossuary  | Identified the ring "Ciame" {EV+5 Dex+2} (You found it in
                  | an ossuary)
  4083 | D:4      | XOM: 8-stop teleportation journey
  4308 | D:4      | XOM: 1-stop teleportation journey
  4414 | D:4      | Found a staircase to the Ecumenical Temple.
  4426 | D:4      | Got a warped mace
  4427 | D:4      | Identified the cursed +3 mace of Vioboex {drain, rPois rC+
                  | Int+4} (You found it on level 4 of the Dungeon)
  4473 | D:4      | Found a sparkling altar of Nemelex Xobeh.
  4886 | D:5      | Entered Level 5 of the Dungeon
  4924 | D:5      | Found a transporter.
  4934 | D:5      | Found a transporter.
  5021 | D:5      | Reached skill level 5 in Crossbows
  5021 | D:5      | Reached XP level 8. HP: 74/74 MP: 8/8
  5032 | D:5      | XOM: confusion (+ monsters)
  5510 | D:5      | XOM: give mutation
  5510 | D:5      | Gained mutation: Your muscles are strong. (Str +2) [Xom's
                  | mischief]
  6022 | D:6      | Found a transporter.
  6023 | D:6      | Found a transporter.
  6024 | D:6      | Noticed Amnesiac's ghost (novice TrEE)
  6297 | D:6      | XOM: give mutations
  6297 | D:6      | Gained mutation: You are resistant to hostile enchantments.
                  | (MR+) [Xom's mischief]
  6297 | D:6      | Gained mutation: Your large and strong wings let you fly
                  | indefinitely. [Xom's mischief]
  6297 | D:6      | Lost mutation: You are resistant to hostile enchantments.
                  | (MR+) [Xom's mischief]
  6471 | D:6      | Reached skill level 5 in Axes
  6616 | D:7      | Noticed Harold
  6638 | D:7      | XOM: 1-stop teleportation journey
  6649 | D:7      | XOM: cast spell 'Summon Small Mammal'
  6664 | D:7      | XOM: cast spell 'Call Canine Familiar'
  6676 | D:7      | XOM: harmless Hex miscast
  6688 | D:7      | Killed Harold
  6688 | D:7      | Reached skill level 6 in Crossbows
  6688 | D:7      | Reached XP level 9. HP: 58/82 MP: 9/9
  6917 | D:7      | Reached skill level 7 in Crossbows
  6947 | D:7      | Reached skill level 5 in Dodging
  7070 | D:7      | Found a transporter.
  7077 | D:7      | XOM: divination: magic mapping
  7085 | D:7      | Noticed vierth's ghost (novice SpEn)
  7128 | D:7      | Found a transporter.
  7221 | D:7      | XOM: god gift: 33 gold pieces
  7298 | D:7      | XOM: divination: detect items
  7323 | D:7      | XOM: summons 1 hostile demon
  7417 | D:7      | XOM: scenery: create altars
  7539 | D:7      | XOM: swap monsters
  7545 | D:7      | Killed vierth's ghost
  7556 | D:7      | Reached skill level 8 in Crossbows
  7602 | D:8      | XOM: cast spell 'Necromutation'
  7637 | D:8      | XOM: scenery: create altars
  7644 | D:8      | XOM: cleaving
  7665 | D:8      | XOM: cast spell 'Death Channel'
  7671 | D:8      | XOM: chaos cloud
  7677 | D:8      | Reached XP level 10. HP: 88/92 MP: 10/10
  7691 | D:8      | XOM: summons 3 hostile shadow creatures
  7692 | D:8      | Noticed a two-headed ogre
  7692 | D:8      | Noticed a two-headed ogre
  7721 | D:8      | Noticed Grum
  7725 | D:8      | XOM: 1-stop teleportation journey
  7756 | D:8      | XOM: swap monsters
  7865 | D:8      | Found an ornate altar of the Wu Jian Council.
  7880 | D:8      | Noticed a wolf spider
  7880 | D:8      | a two-headed ogre changed into a wolf spider
  7880 | D:8      | XOM: polymorph two-headed ogre -> wolf spider
  7883 | D:8      | XOM: confusion (+ monsters)
  7929 | D:8      | Killed a wolf spider
  8205 | D:8      | XOM: harmless Fire miscast
  8274 | D:8      | Found a staircase to the Lair.
  8366 | D:8      | Reached skill level 10 in Fighting
  8374 | D:8      | Killed Grum
  8538 | D:8      | Found a sparkling altar of Nemelex Xobeh.
  8584 | D:8      | Found a stormy altar of Qazlal.
  8910 | D:9      | XOM: silly message
  8919 | D:9      | XOM: divine lightning
  8982 | D:9      | XOM: harmless Hex miscast
  9024 | D:9      | Noticed a two-headed ogre
  9028 | D:9      | XOM: swap monsters
  9046 | D:9      | Killed a two-headed ogre
  9046 | D:9      | Reached skill level 9 in Crossbows
  9242 | D:9      | XOM: potion effect (agility)
  9266 | D:9      | XOM: silly message
  9562 | D:9      | XOM: confuse monster(s)
  9564 | D:9      | XOM: harmless Fire miscast
  9568 | D:9      | XOM: divination: detect items
  9584 | D:9      | XOM: summons friendly white imp
  9598 | D:9      | XOM: swap monsters
  9675 | D:9      | Noticed Pikel
  9714 | D:9      | Killed Pikel
  9714 | D:9      | Reached XP level 11. HP: 73/101 MP: 11/11
  9935 | D:10     | Entered Level 10 of the Dungeon
  9976 | D:10     | XOM: noise
 10105 | D:10     | XOM: harmless Pois miscast
 10107 | D:10     | Reached skill level 10 in Crossbows
 10610 | D:10     | Found a white marble altar of Elyvilon.
 10704 | D:10     | Killed an unseen horror
 10747 | D:11     | Noticed a purple ugly thing
 10749 | D:11     | XOM: fake destruction
 10763 | D:11     | Killed a purple ugly thing
 10793 | D:11     | Killed an unseen horror
 10946 | D:11     | Noticed Maurice
 10953 | D:11     | XOM: divination: detect items
 10961 | D:11     | XOM: harmless Conj miscast
 10968 | D:11     | Killed Maurice
 11256 | D:11     | Noticed a brown ugly thing
 11258 | D:11     | XOM: confuse monster(s)
 11273 | D:11     | Killed a brown ugly thing
 11336 | D:11     | Killed an unseen horror
 11576 | D:11     | XOM: god gift: potion of curing
 11696 | D:11     | XOM: god gift: phantom mirror
 11759 | D:11     | XOM: confuse monster(s)
 12090 | D:11     | XOM: summons friendly ufetubus
 12436 | D:12     | XOM: fake destruction
 12447 | D:11     | Reached skill level 11 in Crossbows
 12447 | D:11     | XOM: divine lightning
 12691 | D:12     | XOM: 3-stop teleportation journey
 12692 | D:12     | Noticed a four-headed hydra
 12697 | D:12     | Killed a four-headed hydra
 12721 | D:12     | Noticed a skeletal warrior
 12734 | D:12     | XOM: noise
 12735 | D:12     | XOM: 5-stop teleportation journey
 12736 | D:12     | Noticed a white ugly thing
 12738 | D:12     | XOM: stat loss: -1 Int (14/15)
 12757 | D:12     | Killed a white ugly thing
 12906 | D:12     | Noticed Rupert
 12910 | D:12     | XOM: summons 11 friendly demons
 12913 | D:12     | XOM: cleaving
 13212 | D:12     | Noticed a skeletal warrior
 13217 | D:12     | Noticed a skeletal warrior
 13224 | D:12     | XOM: enchant monster (good)
 13234 | D:12     | XOM: 3-stop teleportation journey
 13268 | D:12     | Found a staircase to the Orcish Mines.
 13329 | D:12     | XOM: confuse monster(s)
 13330 | D:12     | XOM: swap monsters
 13362 | D:12     | XOM: enchant monster (bad)
 13688 | D:12     | XOM: god gift: 2020 gold pieces
 13762 | D:12     | XOM: 1-stop teleportation journey
 13825 | D:12     | XOM: cast spell 'Call Canine Familiar'
 13830 | D:12     | XOM: summons 5 friendly demons
 13834 | D:12     | Killed Rupert
 13834 | D:12     | Reached XP level 12. HP: 79/111 MP: 12/12
 13898 | D:12     | XOM: polymorph warg -> soldier ant
 14044 | D:12     | XOM: summons friendly quasit
 14062 | D:12     | XOM: scenery: 2 doors close
 14066 | D:12     | XOM: summons friendly chaos spawn
 14072 | D:12     | XOM: enchant monster (good)
 14110 | D:12     | XOM: cloud trail
 14474 | D:12     | XOM: scenery: 2 doors close
 14695 | D:13     | Noticed Frances
 14695 | D:13     | Noticed a centaur warrior
 14711 | D:13     | Killed a centaur warrior
 14711 | D:13     | Reached skill level 12 in Crossbows
 14738 | D:13     | Killed Frances
 14898 | D:13     | XOM: 1-stop teleportation journey
 14899 | D:13     | Noticed a centaur warrior
 14908 | D:13     | XOM: potion effect (might)
 14919 | D:13     | Killed a centaur warrior
 14919 | D:13     | Reached skill level 10 in Axes
 15133 | D:13     | Noticed a centaur warrior
 15133 | D:13     | XOM: cast spell 'Summon Small Mammal'
 15143 | D:13     | XOM: harmless Hex miscast
 15171 | D:13     | Killed a centaur warrior
 15474 | D:13     | Noticed Josephine
 15475 | D:13     | XOM: summons friendly shadow imp
 15484 | D:13     | XOM: enchant monster (bad)
 15965 | D:13     | XOM: 4-stop teleportation journey
 16172 | D:13     | XOM: torment (58/113 hp)
 16444 | D:13     | XOM: silly message
 16448 | D:13     | Killed Josephine
 16448 | D:13     | Reached XP level 13. HP: 119/119 MP: 13/13
 16555 | D:13     | XOM: mild Tmut miscast
 16795 | D:13     | Found a gate to the Vaults.
 16800 | D:13     | XOM: blink monster(s)
 16855 | D:13     | XOM: god gift: pair of embroidered boots {god gift}
 16988 | D:13     | Got a twisted rapier
 16989 | D:13     | Identified the cursed +0 rapier of Roubet {flame, MP+9}
                  | (You found it on level 13 of the Dungeon)
 17282 | D:14     | XOM: smoke on damage
 17289 | D:14     | XOM: potion effect (heal wounds)
 17307 | D:14     | XOM: harmless Air miscast
 17310 | D:14     | XOM: potion effect (invisibility)
 17707 | D:14     | Reached skill level 13 in Crossbows
 17874 | D:14     | XOM: silly message
 18073 | D:14     | XOM: silly message
 18496 | D:14     | XOM: divination: magic mapping
 18575 | D:14     | XOM: divination: magic mapping
 18728 | D:15     | Entered Level 15 of the Dungeon
 19045 | D:15     | Found Robi's Antique Weapon Shoppe.
 19079 | D:15     | Bought a glowing battleaxe for 266 gold pieces
 19185 | D:15     | XOM: enchant monster (good)
 19348 | D:15     | XOM: god gift: potion of lignification
 19390 | D:15     | Noticed Blork the orc
 19398 | D:15     | Killed Blork the orc
 19404 | D:15     | Found a deep blue altar of Sif Muna.
 19514 | D:15     | Found Papnyr's Antique Weapon Shoppe.
 19560 | D:15     | XOM: 7-stop teleportation journey
 19562 | D:15     | XOM: god gift: sack of spiders
 19598 | D:15     | XOM: cleaving
 19638 | D:15     | XOM: enchant monster (bad)
 19672 | D:15     | XOM: confusion
 20047 | D:15     | Reached skill level 10 in Dodging
 20110 | D:15     | Found Jeycisupn's Armour Shoppe.
 20202 | D:15     | Found Fueph's Antique Armour Boutique.
 20213 | D:15     | Bought a runed cloak for 277 gold pieces
 20328 | D:15     | Found a portal to a secret trove of treasure.
 20375 | D:15     | Noticed a fire dragon
 20510 | D:15     | XOM: 1-stop teleportation journey
 20620 | D:15     | XOM: cast spell 'Summon Hydra'
 20639 | D:15     | XOM: mild Air miscast
 20640 | D:15     | XOM: divination: detect items
 20879 | D:15     | XOM: scenery: create altars
 20930 | D:15     | XOM: give mutations
 20930 | D:15     | Gained mutation: You evolve. [Xom's mischief]
 20930 | D:15     | Gained mutation: You are clumsy. (Dex -2) [Xom's mischief]
 20930 | D:15     | Gained mutation: Your muscles are very strong. (Str +4)
                  | [Xom's mischief]
 20939 | D:15     | Killed a fire dragon
 21000 | D:15     | Found a staircase to the Depths.
 21189 | Lair:1   | Entered Level 1 of the Lair of Beasts
 21191 | Lair:1   | XOM: enchant monster (good)
 21246 | Lair:1   | XOM: harmless Fire miscast
 21363 | Lair:1   | Found a frozen archway.
 21386 | IceCv    | Entered an ice cave
 21387 | IceCv    | XOM: enchant monster (bad)
 21388 | IceCv    | XOM: cast spell 'Call Canine Familiar'
 21396 | IceCv    | Found a transporter.
 21461 | IceCv    | XOM: harmless Pois miscast
 21769 | IceCv    | XOM: divination: detect creatures
 21855 | Lair:1   | Gained mutation: Your tail ends in a poisonous barb. [Green
                  | Draconian growth]
 21855 | Lair:1   | Reached XP level 14. HP: 67/129 MP: 14/14
 22283 | Lair:1   | XOM: potion effect (invisibility)
 22287 | Lair:1   | XOM: cast spell 'Summon Small Mammal'
 22460 | Lair:1   | XOM: cloud trail
 22848 | Lair:2   | Reached skill level 14 in Crossbows
 22917 | Lair:2   | XOM: noise
 23069 | Lair:2   | XOM: divination: magic mapping
 23338 | Lair:2   | XOM: harmless Necr miscast
 23422 | Lair:2   | XOM: mild Conj miscast
 23822 | Lair:2   | XOM is BORED!
 23822 | Lair:2   | XOM: severe Ice miscast
 23863 | Lair:2   | XOM: draining
 24018 | Lair:3   | XOM: 3-stop teleportation journey
 24019 | Lair:3   | Noticed Gastronok
 24035 | Lair:3   | Killed Gastronok
 24099 | Lair:3   | XOM: mild Conj miscast
 24146 | Lair:3   | XOM: harmless Tloc miscast
 24167 | Lair:3   | XOM: enchant monster (good)
 24470 | Lair:3   | Found a staircase to the Shoals.
 24505 | Lair:3   | XOM: confusion (+ monsters)
 24550 | Lair:3   | Found a staircase to the Snake Pit.
 24592 | Lair:3   | XOM: enchant monster (good)
 24598 | Lair:3   | XOM: potion effect (brilliance)
 24923 | Lair:3   | XOM: harmless Tmut miscast
 25089 | Lair:4   | XOM: summons 4 hostile shadow creatures
 25095 | Lair:4   | XOM: smoke on damage
 25677 | Lair:4   | XOM: summons 6 hostile demons
 25725 | Lair:4   | XOM: medium Ice miscast
 25769 | Lair:4   | XOM: medium Ice miscast
 25779 | Lair:4   | XOM: harmless Erth miscast
 25988 | Lair:4   | Noticed Urug
 25990 | Lair:4   | XOM: swap monsters
 25999 | Lair:4   | Killed Urug
 26192 | Lair:4   | XOM: give mutations
 26192 | Lair:4   | Gained mutation: You are resistant to hostile enchantments.
                  | (MR+) [Xom's mischief]
 26192 | Lair:4   | Gained mutation: You are very clumsy. (Dex -4) [Xom's
                  | mischief]
 26192 | Lair:4   | Gained mutation: Potions are less effective at restoring
                  | your health. [Xom's mischief]
 26192 | Lair:4   | Lost mutation: Your muscles are very strong. (Str +4)
                  | [Xom's mischief]
 26293 | Lair:4   | XOM: stat loss: -1 Dex (12/13)
 26623 | Lair:4   | XOM: summons 2 hostile demons
 26685 | Lair:5   | XOM: cast spell 'Summon Hydra'
 26703 | Lair:5   | XOM: polymorph yak -> troll
 26710 | Lair:5   | XOM: confuse monster(s)
 26730 | Lair:5   | XOM: give mutation
 26730 | Lair:5   | Gained mutation: You are highly resistant to hostile
                  | enchantments. (MR++) [Xom's grace]
 26749 | Lair:5   | XOM: god gift: wand of scattershot (8)
 26811 | Lair:5   | XOM: divination: detect creatures
 26860 | Lair:5   | XOM: give mutations
 26860 | Lair:5   | Gained mutation: You rapidly evolve. [Xom's grace]
 26860 | Lair:5   | Gained mutation: You expend magic power (3 MP) to
                  | strengthen your wands. [Xom's grace]
 26860 | Lair:5   | Gained mutation: You have sharp toenails. [Xom's grace]
 26860 | Lair:5   | Gained mutation: You have a pair of small horns on your
                  | head. [Xom's grace]
 26879 | Lair:5   | XOM: noise
 26891 | Lair:5   | XOM: summons friendly crimson imp
 26922 | Lair:5   | XOM: noise
 26929 | Lair:5   | XOM: summons 2 friendly demons
 27177 | Lair:5   | XOM: god gift: quarterstaff {god gift}
 27188 | Lair:5   | Identified the Guide on Necromancy
 27290 | Lair:5   | XOM: give mutations
 27290 | Lair:5   | Gained mutation: Your mind is acute. (Int +2) [Xom's grace]
 27290 | Lair:5   | Gained mutation: Your flesh is heat resistant. (rF+) [Xom's
                  | grace]
 27290 | Lair:5   | Gained mutation: Your spells are a little harder to cast,
                  | but a little more powerful. [Xom's grace]
 27735 | Lair:5   | XOM: mild Conj miscast
 27785 | Lair:5   | Lost mutation: You are very clumsy. (Dex -4) [evolution]
 27838 | Lair:5   | XOM: harmless Necr miscast
 27858 | Lair:5   | XOM: medium Tloc miscast
 28022 | Lair:6   | Entered Level 6 of the Lair of Beasts
 28232 | Lair:6   | XOM: enchant monster (good)
 28552 | Lair:5   | XOM: harmless Conj miscast
 28781 | Lair:6   | Found a viscous altar of Jiyva.
 28782 | Lair:6   | Found a staircase to the Slime Pits.
 28821 | Lair:6   | XOM: enchant monster (bad)
 28888 | Lair:6   | XOM: medium Tmut miscast
 28923 | Lair:6   | XOM: mild Chrm miscast
 28960 | Lair:6   | XOM: potion effect (experience)
 28960 | Lair:6   | Reached skill level 15 in Crossbows
 28960 | Lair:6   | Reached XP level 15. HP: 139/139 MP: 15/15
 28964 | Lair:6   | XOM: noise
 29008 | Lair:6   | XOM: give mutation
 29008 | Lair:6   | Lost mutation: You are highly resistant to hostile
                  | enchantments. (MR++) [Xom's mischief]
 29010 | Lair:6   | XOM: 3-stop teleportation journey
 29022 | Lair:6   | XOM: cast spell 'Metabolic Englaciation'
 29058 | Lair:6   | XOM: cloud trail
 29235 | Lair:6   | Reached XP level 16. HP: 90/147 MP: 5/16
 29242 | Lair:6   | XOM: scenery: create altars
 29244 | Lair:6   | XOM: polymorph elephant -> guardian serpent
 29245 | Lair:6   | XOM: fog
 29492 | Lair:6   | XOM: summons 16 friendly demons
 29500 | Lair:6   | XOM: god gift: potion of curing
 29506 | Lair:6   | XOM: swap monsters
 29515 | Lair:6   | XOM: cleaving
 29516 | Lair:6   | XOM: 1-stop teleportation journey
 29982 | Lair:6   | XOM: harmless Tmut miscast
 30039 | Lair:6   | XOM: cleaving
 30040 | Lair:6   | XOM: 2-stop teleportation journey
 30079 | Lair:6   | XOM: polymorph death yak -> death yak
 30085 | Lair:6   | XOM: polymorph death yak -> something unseen
 30095 | Lair:6   | XOM: god gift: scythe {god gift}
 30398 | Lair:6   | XOM: cast spell 'Shadow Creatures'
 30437 | Lair:6   | XOM: enchant monster (good)
 30448 | Lair:6   | XOM: summons friendly quasit
 30480 | Lair:6   | XOM: god gift: weird glowing staff {god gift}
 30504 | Lair:6   | XOM: mild Summ miscast
 30532 | Lair:6   | Slain by a ghost moth

Vault maps used:
D:1:      lightli_arrival_statue_moat
D:2:      marbit_many_paths, minitemple, uniq_terence
D:3:      elyvilon_altar_4, first_ration
D:4:      minmay_temple_entry_trees, lightli_ossuary_entry_decrepit_ruins,
          minmay_misc_feat_secret_circle, nemelex_diamond_rough_becter
D:5:      gammafunk_steamed_eel
D:6:      gammafunk_ghost_arena
D:7:      gammafunk_ghost_smash, grunt_ogre_cave, uniq_harold
D:8:      nemelex_altar_shiori, nicolae_overflow_hidden_temple,
          nicolae_overflow_crystal_walls, lair_entry_dummy, uniq_grum
D:9:      uniq_pikel
D:10:     lemuel_statue_altar
D:11:     uniq_maurice
D:12:     orc_0_dummy, uniq_rupert
D:13:     david_vaults_5, spider_trap, uniq_josephine, uniq_frances
D:14:     grunt_decor_clamped
D:15:     grunt_enter_depths_hoard, tgw_sif, nicolae_trove_entry_diagonal,
          serial_shops, shop, nicolae_shop_trees, shop,
          nicolae_shop_temple_entry_statues_fountains
Lair:1:   portal_ice_cave_rime
Lair:3:   elwin_shoals_entry_rocks, minmay_snake_entry_six_corridors,
          serial_bayou_shore_b, uniq_gastronok
Lair:4:   uniq_urug
Lair:5:   ice2_lemuel
Lair:6:   evil_forest, slime_altar_1, hangedman_lair_generics_rect,
          infiniplex_staircase_pool
Ossuary:  ossuary_zaba_flooded
IceCv:    ice_cave_statue_garden_transporter

Skill      XL: |  1  2  3  4  5  6  7  8  9 10 11 12 13 14 |
---------------+-------------------------------------------+-----
Dodging        | 1 2 3 4 5 6 8 9 10 11 | 11.4
Crossbows      | 1 2 3 5 6 8 9 11 12 13 15 | 15.5
Fighting       | 7 8 9 10 11 12 13 14 | 14.6
Axes           | 3 4 5 6 7 9 10 11 12 | 12.5
Shields        | |  1.0
Evocations     | |  1.0

Action                   |  1- 3 |  4- 6 |  7- 9 | 10-12 | 13-15 | 16-18 || total
-------------------------+-------+-------+-------+-------+-------+-------++-------
Melee: Hand axe          |    72 |   162 |   122 |       |       |       ||   356
       Tailslap          |     8 |    23 |    60 |   117 |    93 |    13 ||   314
       Mace              |       |       |   288 |   531 |    44 |       ||   863
       Great mace        |       |       |       |    42 |     3 |       ||    45
       Battleaxe         |       |       |       |       |   460 |    44 ||   504
       Headbutt          |       |       |       |       |    19 |    14 ||    33
 Fire: Hand crossbow     |    17 |    39 |    13 |   213 |   272 |       ||   554
       Arbalest          |       |       |       |       |   353 |   103 ||   456
 Abil: Breathe Noxious F |       |       |     5 |    27 |    10 |     3 ||    45
       Fly               |       |       |     1 |       |     1 |       ||     2
       Stop Flying       |       |       |       |       |     1 |       ||     1
Evoke: Phantom mirror    |       |       |       |     2 |       |       ||     2
       Wand              |       |       |       |     3 |     2 |       ||     5
       Sack of spiders   |       |       |       |       |     1 |       ||     1
  Use: Potion            |       |     9 |       |     3 |     6 |     2 ||    20
       Scroll            |       |     2 |    13 |     8 |    17 |     1 ||    41
 Stab: Distracted        |     1 |       |       |     1 |       |     1 ||     3
       Sleeping          |       |     1 |     2 |       |     3 |       ||     6
       Confused          |       |       |     3 |     8 |     2 |       ||    13
       Invisible         |       |       |       |       |     8 |       ||     8
  Eat: Chunk             |     1 |     5 |     9 |    14 |     9 |     1 ||    39
       Ration            |       |       |     4 |     5 |    10 |     1 ||    20
Armor: Skin              |    30 |    53 |    78 |   156 |   190 |    34 ||   541
Dodge: Dodged            |    60 |   124 |   393 |   856 |  1100 |   115 ||  2648

Table legend:
 A = Non-vault XP
 B = Vault XP
 C = Vault XP percentage of total XP
 D = Non-vault monster count
 E = Vault monster count
 F = Vault count percentage of total count
                 A         B        C        D         E       F
            +---------+---------+-------+---------+---------+-------
      Total |   79957 |   31260 |  28.1 |     471 |     121 |  20.4
            +---------+---------+-------+---------+---------+-------
        D:1 |      38 |       0 |   0.0 |      21 |       0 |   0.0
        D:2 |      90 |      38 |  29.7 |      23 |       2 |   8.0
        D:3 |     112 |       0 |   0.0 |      19 |       0 |   0.0
        D:4 |     334 |       0 |   0.0 |      17 |       0 |   0.0
        D:5 |     311 |       0 |   0.0 |      10 |       0 |   0.0
        D:6 |     277 |      93 |  25.1 |       6 |       1 |  14.3
        D:7 |    1218 |    1773 |  59.3 |      25 |       6 |  19.4
        D:8 |    1661 |     597 |  26.4 |      29 |       5 |  14.7
        D:9 |    3543 |     536 |  13.1 |      35 |       1 |   2.8
       D:10 |    2509 |       0 |   0.0 |      25 |       0 |   0.0
       D:11 |    4430 |     449 |   9.2 |      26 |       1 |   3.7
       D:12 |    6998 |    2829 |  28.8 |      29 |       1 |   3.3
       D:13 |    6325 |    6050 |  48.9 |      27 |      10 |  27.0
       D:14 |    9246 |       0 |   0.0 |      30 |       0 |   0.0
       D:15 |    7796 |    2091 |  21.1 |      27 |       3 |  10.0
     Lair:1 |    5534 |     731 |  11.7 |      22 |       2 |   8.3
     Lair:2 |    3783 |       0 |   0.0 |      20 |       0 |   0.0
     Lair:3 |    5584 |    3444 |  38.1 |      21 |      11 |  34.4
     Lair:4 |    4195 |     849 |  16.8 |      15 |       2 |  11.8
     Lair:5 |    4729 |    2636 |  35.8 |      15 |      15 |  50.0
     Lair:6 |   11244 |    7160 |  38.9 |      29 |      20 |  40.8
    Ossuary |       0 |     743 | 100.0 |       0 |      34 | 100.0
      IceCv |       0 |    1241 | 100.0 |       0 |       7 | 100.0
            +---------+---------+-------+---------+---------+-------
